 Dungeon Crawl Stone Soup version 0.13-a0-1536-gedae9ec (webtiles) character file.

6125 Kae the Markscentaur (level 10, -5/78 HPs)
             Began as a Centaur Hunter on June 9, 2013.
             Was a Believer of Okawaru.
             Slain by a war dog (7 damage)
             ... led by Grum
             ... on Level 9 of the Dungeon.
             The game lasted 00:30:43 (14407 turns).

Kae the Markscentaur (Centaur Hunter)              Turns: 14407, Time: 00:30:43

HP  -5/78        AC  6     Str 14      XL: 10   Next: 52%
MP   6/6         EV 11     Int 10      God: Okawaru [**....]
Gold 274         SH  0     Dex 14      Spells:  0 memorised,  9 levels left

Res.Fire  : . . .   See Invis. : .   a - +0 short sword
Res.Cold  : . . .   Warding    : .   d - +0 leather armour (curse)
Life Prot.: . . .   Conserve   : +   (no shield)
Res.Poison: .       Res.Corr.  : +   (no helmet)
Res.Elec. : .       Clarity    : .   A - +1 cloak {rCorr, Cons}
Sust.Abil.: . .     Spirit.Shd : .   (no gloves)
Res.Mut.  : .       Stasis     : .   (no barding)
Res.Rott. : .       Flight     : .   (no amulet)
Saprovore : . . .                    F - ring of sustenance
                                     C - ring of flight

@: invisible, very quick, slightly resistant to hostile enchantments, very
unstealthy
A: hooves 3, deformed body, herbivore 1, speed 2, fast metabolism 1, tough skin
3
a: Heroism, Renounce Religion, Evoke Flight


You were on level 9 of the Dungeon.
You worshipped Okawaru.
Okawaru was most pleased with you.
You were not hungry.

You visited 2 branches of the dungeon, and saw 10 of its levels.

You collected 254 gold pieces.

Inventory:

Hand weapons
 a - a +0,+0 short sword (weapon)
 b - a +2,+2 bow
 m - a cursed -1,-1 bow
Armour
 d - a cursed +0 leather armour (worn)
 A - a +1 cloak of preservation (worn)
Magical devices
 i - a wand of paralysis (2)
 t - a wand of cold (1) {unknown}
 y - a wand of frost (3)
 E - a wand of lightning (0)
 N - a wand of fire (3)
Comestibles
 f - 3 bread rations
 l - 3 meat rations
Scrolls
 n - 3 scrolls of identify
 o - 2 scrolls of magic mapping
 r - a scroll of blinking
 u - 4 scrolls of remove curse
Jewellery
 s - an uncursed amulet of guardian spirit {unknown}
 C - a ring of flight (left hand)
 F - a ring of sustenance (right hand)
Potions
 j - a potion of poison {unknown}
 p - 2 potions of restore abilities
 q - a potion of agility
 v - a potion of brilliance
 w - a potion of slowing {unknown}
 D - 3 potions of might
 I - 2 potions of resistance
 M - 2 potions of mutation
Books
 G - a book of the Earth

   Spells                             Type                      Level
   Dig                                Earth                        4
   Leda's Liquefaction                Hexes/Earth                  4
   Bolt of Magma                      Conjuration/Fire/Earth       5
   Statue Form                        Transmutation/Earth          6
   Iron Shot                          Conjuration/Earth            6
   Shatter                            Earth                        9
 K - a book of Transfigurations

   Spells                             Type                      Level
   Stoneskin                          Transmutation/Earth          2
   Polymorph                          Hexes/Transmutation          4
   Ice Form                           Ice/Transmutation            4
   Statue Form                        Transmutation/Earth          6
   Dragon Form                        Fire/Transmutation           7


   Skills:
 + Level 4.1 Fighting
 + Level 17.7 Bows
 + Level 3.4 Dodging
 - Level 0.5 Stealth


You had 9 spell levels left.
You didn't know any spells.

Dungeon Overview and Level Annotations

Branches:
Dungeon (9/27)             Temple (1/1) D:6
    Orc: D:6-11        Lair: D:8-13

Altars:
Ashenzari
Cheibriados
Elyvilon
Fedhas
Kikubaaqudgha
Makhleb
Nemelex Xobeh
Okawaru
Sif Muna
Trog
Vehumet
Xom
Yredelemnul
Zin
the Shining One

Shops:
D:8: [


Innate Abilities, Weirdness & Mutations

You have hooves in place of feet.
Armour fits poorly on your strangely shaped body.
You digest meat inefficiently.
You cover ground very quickly.
You have a fast metabolism.
You have extremely tough skin (AC +3).


Message History

Found 21 bolts.
An iguana and an ogre come into view.
The ogre shouts!
The iguana hisses angrily.
The bat barely misses you.
Found a flail.
The hound barely misses you. The bat misses you. The hound barely misses you.
You see here a gluggy inky potion.
c - a gluggy inky potion The bat hits you but does no damage.
The war dog bites you.
* * * LOW HITPOINT WARNING * * *
The hound bites you but does no damage.
Drink which item? (? for menu, Esc to quit)
You fade into invisibility!
It was a potion of invisibility.
The bat closely misses you. The war dog bites you!
* * * LOW HITPOINT WARNING * * *
The hound bites you.
* * * LOW HITPOINT WARNING * * *
The war dog bites you!
You die...

.)# ##. ........G..
...........# ....$... ...
.....O... ..#
........###.# #.........#
...#.....h...#######.####
.......h@........<.......
#........###.#######.####
..(#.#..b #.# . #
#.l..#.# #....#.#
#..###.# .... #.. .. ....
### ... ... #h...#


You could see an ogre, a war dog, an iguana, a hound and a bat.

Vanquished Creatures
  The ghost of Bloax the Martial Artist, an experienced GrTm of Cheibriados (D:6)
  5 yaks
  A wyvern (D:8)
  A hippogriff (D:7)
  Grum (D:9)
  A trapdoor spider (D:8)
  A hungry ghost (D:7)
  A manticore (D:8)
  2 necrophages
  A wyvern skeleton (D:6)
  A phantom (D:7)
  2 orc warriors
  A sky beast (D:8)
  A centaur (D:7)
  4 ogres
  Sigmund (D:6)
  4 giant frogs
  18 killer bees
  A water moccasin skeleton (D:6)
  4 wights (D:6)
  A crimson imp (D:7)
  A crocodile skeleton (D:6)
  A goliath beetle (D:8)
  An ogre skeleton (D:5)
  Crazy Yiuf (D:2)
  9 hounds
  4 iguanas
  5 worker ants
  A gnoll shaman (D:4)
  4 scorpions
  5 orc wizards
  3 jellies (D:8)
  6 gnolls
  10 adders
  A giant mite (D:8)
  6 worms
  A giant gecko (D:3)
  5 oozes
  22 orcs
  14 bats
  16 hobgoblins
  5 jackals
  5 quokkas
  A ball python (D:5)
  6 giant cockroaches
  4 giant newts
  A giant spore (D:8)
  13 goblins
  A goblin zombie (D:5)
  22 kobolds
  A kobold zombie (D:7)
  3 orc skeletons
  13 rats
  3 ballistomycetes (D:8)
  A fungus (D:2)
248 creatures vanquished.

Vanquished Creatures (others)
  An adder (D:8)
  A worm (D:6)
  An orc (D:7)
  A rat (D:7)
4 creatures vanquished.

Grand Total: 252 creatures vanquished

Notes
Turn   | Place    | Note
--------------------------------------------------------------
     0 | D:1      | Kae, the Centaur Hunter, began the quest for the Orb.
     0 | D:1      | Reached XP level 1. HP: 17/17 MP: 0/0
   162 | D:1      | Reached XP level 2. HP: 18/24 MP: 1/1
   239 | D:1      | Reached skill level 6 in Bows
  1100 | D:2      | Reached XP level 3. HP: 19/29 MP: 2/2
  1483 | D:2      | Reached skill level 7 in Bows
  1760 | D:2      | Reached XP level 4. HP: 32/36 MP: 2/2
  2040 | D:2      | Noticed Crazy Yiuf
  2048 | D:2      | Killed Crazy Yiuf
  2060 | D:2      | Identified a +1 cloak of preservation (You took it off Crazy Yiuf on level 2 of the Dungeon)
  2331 | D:3      | Reached skill level 8 in Bows
  2656 | D:3      | HP: 1/36 [worm (10)]
  3017 | D:3      | Found a blossoming altar of Fedhas.
  3062 | D:3      | Reached XP level 5. HP: 41/41 MP: 3/3
  3727 | D:4      | Reached skill level 9 in Bows
  3922 | D:4      | Reached XP level 6. HP: 39/48 MP: 4/4
  4279 | D:5      | Entered Level 5 of the Dungeon
  4282 | D:5      | Found a white marble altar of Elyvilon.
  4412 | D:5      | Reached skill level 10 in Bows
  4649 | D:5      | Found a deep blue altar of Sif Muna.
  4775 | D:5      | HP: 2/48 [poisoned by a worker ant]
  5199 | D:5      | HP: 2/48 [poisoned by a worker ant]
  5231 | D:5      | HP: 1/48 [hound (5)]
  5402 | D:5      | Reached XP level 7. HP: 15/53 MP: 4/4
  5653 | D:5      | Reached skill level 11 in Bows
  6563 | D:6      | Reached skill level 12 in Bows
  6887 | D:6      | Reached XP level 8. HP: 61/61 MP: 5/5
  7274 | D:6      | Reached skill level 13 in Bows
  7698 | D:6      | Found a staircase to the Ecumenical Temple.
  7745 | D:6      | Noticed Bloax's ghost (experienced GrTm)
  7755 | D:6      | Noticed Sigmund
  7916 | Temple   | Entered the Ecumenical Temple
  8049 | Temple   | Became a worshipper of Warmaster Okawaru
  8091 | Temple   | Paralysed by you for 4 turns
  8463 | D:6      | Killed Bloax's ghost
  8463 | D:6      | Reached skill level 14 in Bows
  8899 | D:6      | Killed Sigmund
  8899 | D:6      | Reached XP level 9. HP: 58/67 MP: 6/6
  9724 | D:7      | Reached skill level 15 in Bows
  9947 | D:7      | HP: 2/67 [ogre/giant spiked club (20)]
 10706 | D:7      | Acquired Okawaru's first power
 11293 | D:7      | Reached skill level 16 in Bows
 12363 | D:8      | Found Fuetant's Armour Shoppe.
 12380 | D:8      | Reached skill level 17 in Bows
 12380 | D:8      | Reached XP level 10. HP: 73/73 MP: 6/6
 13931 | D:9      | Noticed Grum
 13951 | D:9      | Killed Grum
 14407 | D:9      | HP: 3/78 [war dog[Grum] (11)]
 14407 | D:9      | Slain by a war dog

Action                   |  1- 3 |  4- 6 |  7- 9 | 10-12 || total
-------------------------+-------+-------+-------+-------++-------
Melee: Short sword       |   103 |   244 |   257 |    74 ||   678
 Fire: Bow               |    11 |    38 |   297 |   123 ||   469
Throw: Dagger            |       |       |     1 |     2 ||     3
Invok: Heroism           |       |       |       |     3 ||     3
Evoke: Wand              |       |       |    10 |       ||    10
  Use: Potion            |       |     2 |     5 |     7 ||    14
       Scroll            |       |       |    22 |     2 ||    24
